Map: [ESL] Inside and Out

Players

Maplez - Winner!

  • Race: Protoss Protoss
  • Spawn Location: 1:00

Zain

  • Race: Protoss Protoss
  • Spawn Location: 7:00

Event: DreamHack SC2 Masters 2022 Valencia

VOD

Have the link to the VOD?

Description

Time

  • Played on: July 1, 2022, 7:09 a.m.
  • Length: 10:25

All games in this series

Show
View Real Time Build Order
Export as new Build Order

Maplez Protoss - Winner!

Build Orders: Oracle Opening 

Get SALT Encoding   

  12  0:00  Probe  
  13  0:12  Probe  
  14  0:18  Pylon  
  14  0:24  Probe  
  15  0:37  Probe (Chrono Boost)  
  15  0:39  Gateway  
  16  0:46  Probe (Chrono Boost)  
  16  0:47  Assimilator  
  17  0:51  Probe  
  18  0:57  Assimilator  
  18  1:03  Probe (Chrono Boost)  
  19  1:11  Gateway  
  19  1:13  Probe (Chrono Boost)  
  20  1:20  Probe  
  21  1:31  Cybernetics Core  
  21  1:32  Probe  
  22  1:39  Pylon  
  22  1:44  Probe  
  23  1:57  Probe  
  24  2:08  Stalker x2, Warp Gate  
  26  2:15  Pylon  
  29  2:25  Stargate  
  28  2:38  Stalker  
  28  2:40  Stalker  
  31  2:45  Probe  
  32  2:51  Pylon  
  32  2:57  Probe  
  33  3:07  Oracle (Chrono Boost)  
  36  3:28  Nexus  
  36  3:36  Oracle (Chrono Boost)  
  39  3:45  Probe  
  40  3:54  Twilight Council  
  40  3:56  Pylon  
  40  3:58  Probe  
  38  4:10  Probe  
  38  4:14  Stalker  
  42  4:24  Probe  
  42  4:28  Blink (Chrono Boost)  
  42  4:29  Gateway  
  42  4:36  Probe  
  43  4:41  Probe  
  44  4:51  Probe (Chrono Boost)  
  45  4:53  Probe (Chrono Boost)  
  46  5:02  Stalker  
  46  5:03  Stalker, Probe (Chrono Boost)  
  46  5:04  Probe (Chrono Boost)  
  46  5:05  Pylon  
  52  5:08  Probe (Chrono Boost)  
  52  5:12  Probe  
  54  5:19  Probe, Assimilator  
  55  5:24  Probe  
  55  5:25  Gateway  
  55  5:27  Stalker  
  58  5:30  Stalker  
  58  5:33  Probe  
  61  5:36  Stalker  
  61  5:40  Probe  
  64  5:45  Probe  
  62  5:53  Stalker  
  62  5:54  Stalker  
  65  6:03  Probe  
  62  6:12  Robotics Facility  
  62  6:13  Probe  
  62  6:19  Stalker  
  62  6:21  Stalker  
  62  6:23  Probe  
  67  6:27  Probe  
  66  6:41  Probe  
  66  6:45  Stalker x3  
  73  6:52  Stalker  
  75  6:56  Pylon  
  73  7:01  Observer (Chrono Boost)  
  73  7:07  Adept  
  73  7:11  Adept  
  54  7:45  Stalker  
  43  8:03  Observer  
  39  8:14  Probe (Chrono Boost)  
  38  8:22  Probe (Chrono Boost)  
  38  8:23  Probe (Chrono Boost)  
  40  8:27  Probe (Chrono Boost)  
  40  8:28  Probe (Chrono Boost)  
  38  8:39  Observer  
  38  8:54  Probe (Chrono Boost)  
  40  9:01  Probe (Chrono Boost), Zealot x3  
  47  9:03  Probe (Chrono Boost)  
  47  9:08  Probe x2 (Chrono Boost)  
  49  9:18  Observer  
  49  9:19  Probe  
  49  9:20  Probe  
  51  9:27  Observer  
  51  9:28  Observer  
  51  9:31  Stalker, Probe  
  51  9:32  Probe  
  53  9:44  Probe  
  53  9:45  Probe  
  55  9:46  Stalker  
  57  9:54  Pylon  
  57  9:55  Observer  
  57  9:56  Probe  
  57  9:57  Stalker, Probe  
  61  10:05  Shield Battery  
  60  10:14  Stalker x2  
  64  10:21  Stalker  
Show
View Real Time Build Order
Export as new Build Order

Zain Protoss 

Build Orders: Phoenix Opening 

Get SALT Encoding   

  12  0:00  Probe  
  13  0:12  Probe  
  14  0:17  Pylon  
  14  0:24  Probe (Chrono Boost)  
  16  0:36  Probe (Chrono Boost)  
  16  0:37  Gateway  
  16  0:43  Probe (Chrono Boost)  
  16  0:46  Assimilator  
  17  0:51  Probe  
  18  1:01  Assimilator  
  18  1:03  Probe (Chrono Boost)  
  19  1:08  Gateway  
  19  1:13  Probe (Chrono Boost)  
  20  1:19  Probe  
  20  1:25  Cybernetics Core  
  21  1:31  Probe  
  22  1:40  Pylon  
  22  1:44  Probe  
  23  1:58  Probe  
  24  2:01  Stalker x2  
  24  2:02  Warp Gate (Chrono Boost)  
  28  2:10  Probe  
  29  2:16  Pylon  
  29  2:22  Probe  
  30  2:25  Shield Battery  
  30  2:32  Pylon  
  30  2:35  Sentry  
  30  2:36  Sentry  
  34  2:38  Probe  
  35  3:02  Nexus  
  35  3:06  Sentry  
  35  3:08  Phoenix  
  35  3:09  Shield Battery  
  37  3:16  Pylon  
  37  3:23  Twilight Council  
  37  3:26  Probe  
  38  3:49  Stalker x2  
  38  3:50  Probe  
  42  4:06  Dark Shrine  
  41  4:10  Probe  
  41  4:13  Probe  
  43  4:21  Blink (Chrono Boost)  
  43  4:22  Probe  
  44  4:24  Assimilator  
  44  4:25  Probe  
  44  4:27  Gateway  
  45  4:34  Probe  
  45  4:38  Stalker, Probe  
  49  4:46  Probe  
  49  4:50  Probe  
  49  4:52  Stalker  
  53  4:58  Probe  
  54  5:02  Probe  
  55  5:10  Probe  
  57  5:14  Nexus, Probe  
  57  5:18  Dark Templar  
  59  5:23  Probe  
  59  5:25  Assimilator  
  59  5:26  Adept  
  62  5:31  Pylon  
  62  5:39  Robotics Facility  
  62  5:49  Probe x2  
  64  5:51  Dark Templar  
  66  6:01  Probe x2  
  66  6:13  Probe x2  
  66  6:15  Dark Templar  
  66  6:17  Stalker  
  68  6:20  Shield Battery  
  68  6:25  Stalker  
  70  6:26  Probe x3  
  70  6:31  Pylon, Gateway  
  73  6:33  Gateway  
  73  6:38  Probe  
  72  6:40  Stalker  
  72  6:42  Immortal (Chrono Boost)  
  71  6:48  Stalker  
  71  6:53  Stalker, Probe  
  76  6:58  Probe  
  77  7:03  Pylon  
  77  7:04  Probe  
  77  7:06  Stalker, Pylon  
  77  7:11  Shield Battery  
  77  7:16  Immortal (Chrono Boost)  
  81  7:25  Pylon  
  72  7:38  Pylon, Probe  
  72  7:41  Probe  
  39  8:01  Dark Templar x2  
  39  8:05  Dark Templar x2  
  34  8:11  Probe  
  34  8:12  Probe  
  27  8:44  Stalker x2  
  25  9:30  Probe  
  26  9:34  Stalker  
  28  9:45  Pylon  
  28  9:47  Probe  
  29  10:01  Probe (Chrono Boost)  
  30  10:10  Probe (Chrono Boost)  

Tags
 
Add a new tag
Caveats
  • Supply blocks, unpowered buildings, or Contaminate may cause inaccurate times.
  • Supply counts are checked every 10 seconds.